 Dungeon Crawl Stone Soup version 0.22-a0-247-gbddf880 (webtiles) character file.

1696 wolfsongas the Quickloader (level 9, -3/69 HPs)
             Began as a Gnoll Hunter on Feb 23, 2018.
             Slain by a hornet (9 damage)
             ... on level 7 of the Dungeon.
             The game lasted 00:11:09 (6648 turns).

wolfsongas the Quickloader (Gnoll Hunter)           Turns: 6648, Time: 00:11:10

Health: -3/69      AC: 10    Str: 17    XL:     9   Next: 3%
Magic:  14/14      EV: 10    Int: 14    God:
Gold:   360        SH:  0    Dex: 16    Spells: 15/15 levels left

rFire    x . .     SeeInvis .   i - +0 whip (elec)
rCold    + . .     Gourm    .   (no shield)
rNeg     . . .     Faith    .   b - +0 chain mail
rPois    .         Spirit   .   (no helmet)
rElec    .         Reflect  .   v - +0 cloak
rCorr    .         Harm     .   (no gloves)
MR       .....     Rnd*Tele +   (no boots)
Stlth    ..........             (no amulet)
HPRegen  0.21/turn              n - ring of teleportation (curse)
MPRegen  0.14/turn              h - ring of ice

@: no status effects
A: distributed training, fangs 1, strong nose
a: no special abilities


You were on level 7 of the Dungeon.
You were not hungry.

You visited 1 branch of the dungeon, and saw 7 of its levels.

You collected 360 gold pieces.

Inventory:

Hand Weapons
 a - a +1 hand crossbow
 i - a +0 whip of electrocution (weapon)
Missiles
 d - 65 bolts
Armour
 b - a +0 chain mail (worn)
 j - a scarf of cloud immunity
 t - a cursed +0 scale mail
 v - a +0 cloak (worn)
Jewellery
 h - a ring of ice (right hand)
 m - a +5 ring of intelligence
 n - a cursed ring of teleportation (left hand)
 s - an uncursed ring of stealth
Wands
 l - a wand of random effects (23)
 p - a wand of polymorph (11)
Scrolls
 k - 3 scrolls of enchant armour
 o - a scroll of enchant weapon
 r - 2 scrolls of identify
 u - a scroll of teleportation
Potions
 e - a potion of flight
Comestibles
 f - 9 rations


   Skills:
 + Level 6.0 Fighting
 + Level 3.7 Short Blades
 + Level 3.7 Long Blades
 + Level 3.7 Axes
 + Level 3.7 Maces & Flails
 + Level 3.7 Polearms
 + Level 3.7 Staves
 + Level 3.7 Slings
 + Level 3.7 Bows
 + Level 9.3 Crossbows
 + Level 3.7 Throwing
 + Level 3.7 Armour
 + Level 6.0 Dodging
 + Level 4.4 Stealth
 + Level 3.7 Shields
 + Level 3.7 Unarmed Combat
 + Level 3.7 Spellcasting
 + Level 3.0 Conjurations
 + Level 3.0 Hexes
 + Level 3.0 Charms
 + Level 3.0 Summonings
 + Level 3.0 Necromancy
 + Level 3.0 Translocations
 + Level 3.0 Transmutations
 + Level 3.0 Fire Magic
 + Level 3.0 Ice Magic
 + Level 3.0 Air Magic
 + Level 3.0 Earth Magic
 + Level 3.0 Poison Magic
 + Level 4.1 Invocations
 + Level 3.7 Evocations


You had 15 spell levels left.
You didn't know any spells.

Dungeon Overview and Level Annotations

Branches:
Dungeon (7/15)
 Temple: D:4-7

Altars:
Trog

Shops:
D:5 ?   D:7 :

Annotations:
D:5 1 runed door, Crazy Yiuf


Innate Abilities, Weirdness & Mutations

Your experience applies equally to all skills.
You have very sharp teeth.
Your uncanny sense of smell can sniff out nearby items.


Message History

Your +0 cloak unmelds from your body.
Your +0 chain mail unmelds from your body.
The orc hits you but does no damage. The orc closely misses you.
You hit the orc but do no damage. The worker ant closely misses you.
The orc hits you but does no damage. x2
The worker ant barely misses you. The orc barely misses you.
The worker ant closely misses you.
As you read the scroll of teleportation, it crumbles to dust.
You feel strangely unstable. The orc hits you but does no damage.
The worker ant misses you.
Your surroundings suddenly seem different.
A worker ant comes into view.
The worker ant twitches its antennae in your direction.
A hornet comes into view.
The hornet buzzes angrily.
Found a bloodstained altar of Trog.
Found an escape hatch in the floor.
You are too injured to fight recklessly!
You are too injured to fight recklessly!
The hornet stings you!
You die...

.##.# .##.# #
###.##.# #.##...##.#
##......##.##
#........)..#
###.a##))# #o.##..#
#@_##..# #y.##..# ###
.a.....# #..
##.>###.. ∆ #.# ....
.. #.# §≈≈.. #.#
..≈§§§≈.
######<####..§≈≈≈≈§≈#
.............≈§


You could see a hornet, 2 worker ants and an orc.

Vanquished Creatures
  The ghost of rb the Cleaver, an amateur HOMo (D:3)
  Sigmund (D:6)
  An orc warrior (D:7)
  3 ogres
  A centaur (D:7)
  A bullfrog (D:7)
  A howler monkey (D:6)
  A crimson imp (D:6)
  A bullfrog zombie (D:7)
  A hound (D:4)
  4 orc priests
  2 orc wizards
  3 iguanas
  3 worker ants
  A hound zombie (D:6)
  2 worker ant zombies
  10 gnolls
  9 adders
  A shadow imp (D:3)
  2 oozes
  2 adder zombies
  An adder skeleton (D:7)
  7 worms
  5 dart slugs
  2 leopard geckos (D:3)
  16 orcs
  2 ball pythons
  8 giant cockroaches
  8 goblins
  6 hobgoblins
  2 jackals (D:5)
  5 quokkas
  7 bats
  6 frilled lizards
  A jackal skeleton (D:5)
  7 kobolds
  2 leopard gecko skeletons
  6 rats
142 creatures vanquished.

Notes
Turn   | Place    | Note
-------+----------+-------------------------------------------
     0 | D:1      | wolfsongas the Gnoll Hunter began the quest for the Orb.
     0 | D:1      | Reached XP level 1. HP: 20/20 MP: 1/1
    80 | D:1      | Reached XP level 2. HP: 26/26 MP: 2/2
   507 | D:1      | Reached XP level 3. HP: 31/31 MP: 3/3
   982 | D:2      | Reached skill level 1 in Invocations
  1095 | D:2      | Reached skill level 1 in Short Blades
  1095 | D:2      | Reached skill level 1 in Long Blades
  1095 | D:2      | Reached skill level 1 in Axes
  1095 | D:2      | Reached skill level 1 in Maces & Flails
  1095 | D:2      | Reached skill level 1 in Polearms
  1095 | D:2      | Reached skill level 1 in Staves
  1095 | D:2      | Reached skill level 1 in Slings
  1095 | D:2      | Reached skill level 1 in Bows
  1095 | D:2      | Reached skill level 1 in Throwing
  1095 | D:2      | Reached skill level 1 in Armour
  1095 | D:2      | Reached skill level 1 in Shields
  1095 | D:2      | Reached skill level 1 in Unarmed Combat
  1095 | D:2      | Reached skill level 1 in Spellcasting
  1095 | D:2      | Reached skill level 1 in Evocations
  1095 | D:2      | Reached XP level 4. HP: 38/38 MP: 5/5
  1558 | D:2      | Reached skill level 1 in Conjurations
  1558 | D:2      | Reached skill level 1 in Hexes
  1558 | D:2      | Reached skill level 1 in Charms
  1558 | D:2      | Reached skill level 1 in Summonings
  1558 | D:2      | Reached skill level 1 in Necromancy
  1558 | D:2      | Reached skill level 1 in Translocations
  1558 | D:2      | Reached skill level 1 in Transmutations
  1558 | D:2      | Reached skill level 1 in Fire Magic
  1558 | D:2      | Reached skill level 1 in Ice Magic
  1558 | D:2      | Reached skill level 1 in Air Magic
  1558 | D:2      | Reached skill level 1 in Earth Magic
  1558 | D:2      | Reached skill level 1 in Poison Magic
  1558 | D:2      | Reached XP level 5. HP: 27/43 MP: 6/6
  1761 | D:3      | Noticed rb's ghost (amateur HOMo)
  1957 | D:3      | Killed rb's ghost
  1957 | D:3      | Reached skill level 5 in Fighting
  1957 | D:3      | Reached skill level 5 in Dodging
  1957 | D:3      | Reached XP level 6. HP: 28/51 MP: 7/9
  2096 | D:3      | Found a transporter.
  2180 | D:3      | Found a transporter.
  3141 | D:4      | Reached XP level 7. HP: 56/56 MP: 10/10
  4122 | D:5      | Entered Level 5 of the Dungeon
  4163 | D:5      | Reached skill level 9 in Crossbows
  4330 | D:5      | Found a runed door.
  4330 | D:5      | Noticed Crazy Yiuf
  4710 | D:5      | Reached XP level 8. HP: 38/63 MP: 12/12
  4802 | D:5      | Found Iluotil's Magic Scroll Emporium.
  5160 | D:6      | Noticed Sigmund
  5190 | D:6      | Killed Sigmund
  6527 | D:7      | Found Rukegewn's Book Boutique.
  6633 | D:7      | Reached XP level 9. HP: 20/69 MP: 14/14
  6645 | D:7      | Found a bloodstained altar of Trog.
  6645 | D:7      | Noticed a hornet
  6648 | D:7      | Slain by a hornet

Vault maps used:
D:1:      dpeg_arrival_boxorama
D:2:      hangedman_decor_growths
D:3:      gammafunk_wand_slinger, first_ration
D:4:      st_stairs_11
D:5:      serial_shops, nicolae_shop_crystal, nrook_loot_triangle, st_stairs_11,
          minmay_fountain_box, minmay_misc_feat_more_columns,
          serial_bayou_pond_a, minmay_misc_feat_enclosed,
          uniq_crazy_yiuf_cottage
D:6:      uniq_sigmund
D:7:      overflow_temple_1_default, minmay_temple_entry_mist, serial_shops,
          shop_statue

Skill      XL: |  1  2  3  4  5  6  7  8  9 |
---------------+----------------------------+-----
Invocations    | 1 2 3 4 |  4.1
Short Blades   | 1 2 3 |  3.7
Long Blades    | 1 2 3 |  3.7
Axes           | 1 2 3 |  3.7
Maces & Flails | 1 2 3 |  3.7
Polearms       | 1 2 3 |  3.7
Staves         | 1 2 3 |  3.7
Slings         | 1 2 3 |  3.7
Bows           | 1 2 3 |  3.7
Throwing       | 1 2 3 |  3.7
Armour         | 1 2 3 |  3.7
Shields        | 1 2 3 |  3.7
Unarmed Combat | 1 2 3 |  3.7
Spellcasting   | 1 2 3 |  3.7
Evocations     | 1 2 3 |  3.7
Conjurations   | 1 2 3 |  3.0
Hexes          | 1 2 3 |  3.0
Charms         | 1 2 3 |  3.0
Summonings     | 1 2 3 |  3.0
Necromancy     | 1 2 3 |  3.0
Translocations | 1 2 3 |  3.0
Transmutations | 1 2 3 |  3.0
Fire Magic     | 1 2 3 |  3.0
Ice Magic      | 1 2 3 |  3.0
Air Magic      | 1 2 3 |  3.0
Earth Magic    | 1 2 3 |  3.0
Poison Magic   | 1 2 3 |  3.0
Fighting       | 5 6 |  6.0
Dodging        | 5 6 |  6.0
Stealth        | 3 4 |  4.4
Crossbows      | 9 |  9.3

Action                   |  1- 3 |  4- 6 |  7- 9 || total
-------------------------+-------+-------+-------++-------
Melee: Morningstar       |       |    96 |   115 ||   211
       Bite              |       |    11 |    35 ||    46
       Short sword       |       |     4 |       ||     4
       Punch             |       |     1 |     4 ||     5
       Whip              |       |       |   183 ||   183
 Fire: Hand crossbow     |    45 |    53 |       ||    98
  Use: Scroll            |     1 |     3 |    11 ||    15
       Potion            |       |     2 |     7 ||     9
  Eat: Chunk             |       |     4 |     1 ||     5
       Ration            |       |     1 |     3 ||     4
Armor: Leather armour    |     3 |    16 |       ||    19
       Chain mail        |       |    47 |   139 ||   186
       Skin              |       |       |    45 ||    45
Dodge: Dodged            |     5 |    97 |   157 ||   259

Table legend:
 A = Spawn XP
 B = Non-spawn XP
 C = Spawn XP percentage of total XP
 D = Spawn monster count
 E = Non-spawn monster count
 F = Spawn count percentage of total count
 G = Total turns spent on level
                    A         B        C        D         E        F      G
               +---------+---------+-------+---------+---------+-------+---------
         Total |       0 |    2423 |   0.0 |       0 |     142 |   0.0 |  6648
               +---------+---------+-------+---------+---------+-------+---------
           D:1 |       0 |      50 |   0.0 |       0 |      24 |   0.0 |   977
           D:2 |       0 |     117 |   0.0 |       0 |      27 |   0.0 |   877
           D:3 |       0 |     444 |   0.0 |       0 |      28 |   0.0 |  1261
           D:4 |       0 |     267 |   0.0 |       0 |      10 |   0.0 |  1007
           D:5 |       0 |     442 |   0.0 |       0 |      21 |   0.0 |  1006
           D:6 |       0 |     514 |   0.0 |       0 |      19 |   0.0 |  1181
           D:7 |       0 |     589 |   0.0 |       0 |      13 |   0.0 |   339
               +---------+---------+-------+---------+---------+-------+---------
